 Seeded DCSS version 0.31-a0-672-g7da7244 (webtiles) character file.

Game seed: 7488981733002710792 (custom seed)

129075 Rogue the Fighter (level 17, -21/112 HPs)
             Began as a Gargoyle Fighter on Sept 3, 2023.
             Was the Champion of Okawaru.
             Killed from afar by Nikola (76 damage)
             ... with an arc of chain lightning
             ... on level 1 of the Spider Nest on Sept 4, 2023.
             The game lasted 02:56:00 (20629 turns).

Rogue the Fighter (Gargoyle Fighter)               Turns: 20629, Time: 02:56:00

Health: -21/112    AC: 51    Str: 31    XL:     17   Next: 4%
Magic:  26/26      EV: 15    Int: 15    God:    Okawaru [******]
Gold:   916        SH: 14    Dex: 25    Spells: 14/16 levels left

rFire   + . .        M - +6 shillelagh "Devastator" {shatter}
rCold   + . .        g - +0 kite shield of Unbearable Music {*Slow Str+3 Int+6 Dex+3}
rNeg    + . .        Y - +15 Maxwell's patent armour {-Cast -Tele rElec Will+ rCorr}
rPois   ∞            x - +2 helmet
rElec   +            R - scarf of the Kangaroo {rC+ rF+, rElec Str+4}
rCorr   +            N - +0 pair of fencer's gloves {Riposte Dex+3}
SInv    .            y - +1 pair of boots
Will    ++...        P - amulet "Zoin" {Faith Regen+} Stlth
                     O - +4 ring of slaying
HPRegen 1.18/turn    t - +6 ring of dexterity
MPRegen 0.20/turn

%: no teleportation, no spellcasting, slow self (1%), faith
@: flying
A: sickness immunity, AC +12, big wings, negative energy resistance 1,
electricity resistance, torment resistance 1, petrification resistance
a: Renounce Religion, Heroism, Finesse, Duel


You were on level 1 of the Spider Nest.
You worshipped Okawaru.
Okawaru was exalted by your worship.
You visited 5 branches of the dungeon, and saw 24 of its levels.
You also visited: Ice Cave.

You collected 2644 gold pieces.
You spent 1728 gold pieces at shops.

Inventory:

Hand Weapons
 M - the +6 shillelagh "Devastator" (weapon) {shatter}
   (You found it on level 7 of the Dungeon)
 Z - the +12 short sword "Hydra's Demise" {freeze, Str+2 Int+4}
   (You found it in an ice cave)

   Str+2:     It affects your strength (+2).
   Int+4:     It affects your intelligence (+4).
Missiles
 o - 39 poisoned darts
 C - a throwing net
 G - 3 silver javelins
 I - 3 curare-tipped darts (quivered)
 J - 16 javelins
 S - 3 datura-tipped darts
Armour
 g - the +0 kite shield of Unbearable Music (worn) {*Slow Str+3 Int+6 Dex+3}
   (Okawaru gifted it to you in an ice cave)

   Str+3:     It affects your strength (+3).
   Int+6:     It affects your intelligence (+6).
   Dex+3:     It affects your dexterity (+3).
   *Slow:     It may slow you when you take damage.
 j - the +1 ring mail of Gluttony {rPois rF+++ Str+2 Slay-5}
   (Okawaru gifted it to you on level 2 of the Orcish Mines)

   Str+2:     It affects your strength (+2).
   Slay-5:    It affects your accuracy & damage with ranged weapons and melee
   (-5).
   rF+++:     It renders you almost immune to fire.
   rPois:     It protects you from poison
 q - a +3 scale mail of fire resistance
 w - a +2 ring mail of willpower
 x - a +2 helmet (worn)
 y - a +1 pair of boots (worn)
 N - the +0 pair of fencer's gloves (worn) {Riposte Dex+3}
   (Okawaru gifted it to you on level 3 of the Lair of Beasts)

   Riposte:   It allows the wearer to riposte with melee weapons, swiftly
   retaliating against missed or blocked melee attacks.
   Dex+3:     It affects your dexterity (+3).
 R - the scarf of the Kangaroo (worn) {rC+ rF+, rElec Str+4}
   (Okawaru gifted it to you on level 14 of the Dungeon)

   Str+4:     It affects your strength (+4).
   rElec:     It insulates you from electricity.
 Y - the +15 Maxwell's patent armour (worn) {-Cast -Tele rElec Will+ rCorr}
   (Okawaru gifted it to you on level 9 of the Dungeon)

   rElec:     It insulates you from electricity.
   Will+:     It increases your willpower.
   -Cast:     It prevents spellcasting.
   -Tele:     It prevents most forms of teleportation.
   rCorr:     It protects you from acid and corrosion.
Jewellery
 m - a ring of positive energy
 t - a +6 ring of dexterity (right hand)
 A - a ring of willpower
 K - the ring "Ofeix" {rPois rC+}
   (You found it in an ice cave)

   [ring of protection from cold]

   rC+:       It protects you from cold.
   rPois:     It protects you from poison
 O - a +4 ring of slaying (left hand)
 P - the amulet "Zoin" (around neck) {Faith Regen+}
   (You acquired it on level 4 of the Lair of Beasts)

   [amulet of faith]

   Faith:     It allows you to gain divine favour quickly.
   Regen+:    It increases your rate of health regeneration.
 W - the ring of the Magpie {Fire rCorr MP+9 Int-3}
   (You found it on level 8 of the Dungeon)

   [ring of fire]

   Fire:      It enhances your fire magic.
   Int-3:     It affects your intelligence (-3).
   rF+:       It protects you from fire.
   rC-:       It makes you vulnerable to cold.
   MP+9:      It affects your magic capacity (+9).
   rCorr:     It protects you from acid and corrosion.
Talismans
 b - a beast talisman
Wands
 r - a wand of flame (38)
 s - a wand of polymorph (6)
 F - a wand of roots (8)
 H - a wand of mindburst (7)
Scrolls
 f - 2 scrolls of poison
 l - 6 scrolls of teleportation
 p - 2 scrolls of vulnerability
 z - 3 scrolls of fog
 D - 2 scrolls of immolation
 Q - a scroll of torment
 T - 2 scrolls of blinking
 U - a scroll of silence
 X - 3 scrolls of fear
Potions
 c - a potion of invisibility
 d - 5 potions of might
 e - 2 potions of ambrosia
 h - 2 potions of berserk rage
 i - 11 potions of curing
 k - a potion of brilliance
 n - 10 potions of heal wounds
 u - 2 potions of attraction
 E - 4 potions of haste
 L - 4 potions of cancellation
 V - a potion of magic


   Skills:
 * Level 14.9 Fighting
 + Level 7.2 Long Blades
 - Level 11.4 Maces & Flails
 + Level 5.2 Throwing
 + Level 13.2 Armour
 * Level 10.0 Dodging
 + Level 3.7 Stealth
 + Level 12.0 Shields
 + Level 12.2 Invocations
 * Level 5.2 Evocations


You had 14 spell levels left.
You knew the following spells:

 Your Spells              Type           Power      Damage    Failure   Level
a - Blink                 Tloc           0%         N/A       98%         2

Your spell library contained the following spells:

 Spells                   Type           Power      Damage    Failure   Level
 Freeze                   Ice            0%         1d3       92%         1
 Kiss of Death            Conj/Necr      0%         2d5       92%         1
 Ensorcelled Hibernation  Hex/Ice        0%         N/A       98%         2
 Poisonous Vapours        Pois/Air       0%         N/A       98%         2
 Scorch                   Fire           0%         2d5       98%         2
 Confusing Touch          Hex            0%         N/A       100%        3
 Frozen Ramparts          Ice            0%         1d1       100%        3
 Hailstorm                Conj/Ice       0%         3d3       100%        3
 Mephitic Cloud           Conj/Pois/Air  0%         N/A       100%        3
 Ozocubu's Armour         Ice            0%         N/A       100%        3
 Portal Projectile        Hex/Tloc       0%         N/A       100%        3
 Dispel Undead            Necr           0%         3d6       100%        4
 Flame Wave               Conj/Fire      0%         2d4       100%        4
 Iskenderun's Mystic Bla  Conj/Tloc      0%         2d3       100%        4
 Leda's Liquefaction      Hex/Erth       0%         N/A       100%        4
 Manifold Assault         Tloc           0%         N/A       100%        4
 Freezing Cloud           Conj/Ice/Air   0%         6-21      100%        5
 Orb of Destruction       Conj           0%         9d5       100%        7
 Call Canine Familiar     Summ           Unusable   N/A       N/A         3
 Summon Guardian Golem    Hex/Summ       Unusable   N/A       N/A         3
 Tukima's Dance           Hex            Unusable   N/A       N/A         3
 Summon Ice Beast         Ice/Summ       Unusable   N/A       N/A         4
 Summon Cactus Giant      Summ           Unusable   N/A       N/A         6
 Spellforged Servitor     Conj/Summ      Unusable   N/A       N/A         7

Dungeon Overview and Level Annotations

Branches:
Dungeon (15/15)            Temple (1/1) D:4            Lair (5/5) D:9
 Shoals (0/4) Lair:3       Spider (1/4) Lair:2        Slime (0/5) Lair:4
    Orc (2/2) D:12            Elf (0/3) Orc:2        Vaults (0/5) D:13
 Depths (0/4) D:15          IceCv (visited)

Altars:
Ashenzari
Cheibriados
Dithmenos
Elyvilon
Fedhas
Gozag
Hepliaklqana
Kikubaaqudgha
Makhleb
Nemelex Xobeh
Okawaru
Qazlal
Ru
Sif Muna
Trog
Uskayaw
Vehumet
Wu Jian
Xom
Yredelemnul
Zin
The Shining One
Jiyva

Shops:
D:14 *(:=   Orc:2 !=:(

Annotations:
Temple 2 transporters
Spider:1 Nikola


Innate Abilities, Weirdness & Mutations

You are immune to sickness and miasma.
Your stone body is resilient. (AC +12)
You are immune to poison.
Your large and strong wings let you fly.
You resist negative energy. (rN+)
You are resistant to electric shocks. (rElec)
You are resistant to unholy torment.
You are immune to petrification.


Message History

The torpor snail struggles to escape constriction.
You thump Nikola!
Nikola, the sun moth and the torpor snail shudder.
Nikola is moderately wounded.
Okawaru accepts your kill.
You feel a bit more experienced.
The torpor snail is almost dead.
Nikola is moderately wounded.
The grasping roots constrict Nikola!
The grasping roots constrict the torpor snail!
You kill the torpor snail!
Okawaru accepts your kill.
The grasping roots constrict the sun moth!
The roots release their grip on Nikola.
The roots release their grip on the sun moth.
A jumping spider comes into view.
Nikola hits you but does no damage.
You hit Nikola.
Nikola, the sun moth and the jumping spider shudder.
Nikola is heavily wounded.
The sun moth is heavily wounded.
The jumping spider is moderately wounded.
Nikola is heavily wounded.
You feel yourself speed up.
Nikola is no longer covered in acid.
Nikola hits you but does no damage.
The jumping spider leaps!
Unknown command.
Aiming: Fastroot
Press: ? - help, Shift-Dir - straight line, f/p - Nikola
Aim: Nikola, wielding a +2 rapier of electrocution, wearing a +2 cloak of poison resistance and wearing the +1 pair of gloves of Calculation {Harm *Corrode +Blink rC++} (heavily wounded, haloed)
The roots erupt in riotous growth!
Roots grab Nikola.
Roots grab the jumping spider.
The grasping roots constrict Nikola!
Nikola's corrosive artefact corrodes Nikola!
The grasping roots constrict the jumping spider.
The jumping spider struggles to escape constriction.
Nikola gestures wildly while chanting.
Lightning arcs from Nikola's hands!
The bolt of lightning hits you!!! You resist.
Ouch! That really hurt!
You die...

... .. ...##. ### ....
#####..# ...##..#^..#
^ ##.^#^.#^..#.. #
#...#....s...
##..##.s.........
...?.y@.....##..
.....#@.....# ...w
#...#######
..#####....#^..# .
#^.........^.####
#.....#..........###
#....##...#..#.....###
#..###....#..#....##..
#.. #.....#..#.......#
#.. #...####.#..#.....


You could see Nikola (corroded, rooted), a sun moth and 2 jumping spiders.

Vanquished Creatures
  Saint Roka (Orc:2)
  Jorgrun (Orc:1)
  3 acid blobs (Lair:5)
  Kirke (D:15)
  4 azure jellies
  A rockslime (Lair:5)
  4 quicksilver oozes
  Nessos (Lair:5)
  Azrael (Orc:2)
  A great orb of eyes (Lair:5)
  The ghost of rundlesten the Nimble, a journeyman GnGl of Hepliaklqana (D:8)
  5 hydras
  Erolcha (Orc:2)
  A catoblepas (D:14)
  2 ogre magi (Orc:2)
  A spriggan zombie (D:15)
  5 centaur warriors
  6 two-headed ogres
  A boulder beetle (D:13)
  A tengu warrior (D:8)
  A vampire mage (D:15)
  A sphinx skeleton (D:15)
  14 death yaks (Lair:5)
  A demonic crawler (Spider:1)
  Urug (D:13)
  Sonja (Orc:2)
  A skyshark (Lair:4)
  A pharaoh ant (Spider:1)
  9 skeletal warriors
  Lodul (D:11)
  Pikel (D:9)
  2 lindwurms
  3 orc knights
  5 deep elf pyromancers
  2 wolf spiders (Spider:1)
  A necromancer (D:15)
  9 orc sorcerers
  10 ugly things
  3 manticores
  5 cyclopes
  14 elephants
  7 black mambas
  Maurice (D:11)
  5 torpor snails
  2 ice statues (IceCv)
  12 cane toads
  2 gargoyles
  Maggie (D:6)
  6 rime drakes
  2 unseen horrors
  12 komodo dragons
  An efreet (D:12)
  A tengu conjurer (D:14)
  5 trolls
  7 polar bears
  5 dream sheep (Lair:5)
  4 hornets
  An ettin zombie (D:15)
  11 blink frogs
  23 slime creatures
  Sigmund (D:2)
  12 spriggans (Lair:5)
  2 shadows
  A wraith (D:12)
  3 fire elementals (Orc:2)
  57 yaks
  A human (shapeshifter) (D:11)
  2 vampires
  7 basilisks
  18 humans
  9 wyverns
  A steam dragon (D:6)
  4 redbacks
  A hog (D:15)
  9 vampire mosquitoes
  3 wargs
  2 hell hounds (Orc:2)
  4 acid dragons
  A glowing shapeshifter zombie (D:15)
  17 water moccasins
  18 orc warriors
  2 black bears
  3 great orb of eyes simulacra (IceCv)
  A sky beast (D:7)
  4 boggarts (Lair:5)
  5 ice beasts
  20 ogres
  31 wolves
  5 slime creature simulacra (IceCv)
  15 centaurs
  3 phantoms
  3 kobold brigands (D:7)
  A gnoll sergeant (D:9)
  11 bullfrogs
  4 scorpions
  5 glowing shapeshifter simulacra (IceCv)
  3 howler monkeys
  3 electric eels (Lair:1)
  2 hounds (D:6)
  11 jellies
  10 orc priests
  A gnoll bouda (D:6)
  3 iron imps (D:3)
  2 sleepcaps
  6 iguanas
  29 orc wizards
  7 hell rats (Lair:5)
  3 centaur simulacra (D:8)
  2 boggart simulacra
  9 gnolls
  13 adders
  A shadow imp (D:7)
  8 white imps
  A howler monkey simulacrum (D:8)
  An ufetubus (D:6)
  A worm (D:2)
  56 orcs
  5 bats
  8 endoplasms
  3 giant cockroaches (D:1)
  4 goblins
  6 hobgoblins
  3 jackals (D:1)
  6 quokkas
  5 ball pythons
  2 frilled lizards (D:2)
  14 kobolds
  3 rats
753 creatures vanquished.

Vanquished Creatures (collateral kills)
  A fire elemental (Orc:2)
  A hell hound (Orc:2)
  An ogre (Orc:2)
3 creatures vanquished.

Vanquished Creatures (others)
  A tarantella (Spider:1)
  An orc wizard (Orc:2)
2 creatures vanquished.

Grand Total: 758 creatures vanquished

Notes
Turn   | Place    | Note
-------+----------+-------------------------------------------
     0 | D:1      | Rogue the Gargoyle Fighter began the quest for the Orb.
     0 | D:1      | Reached XP level 1. HP: 14/14 MP: 1/1
   154 | D:1      | Reached XP level 2. HP: 19/19 MP: 2/2
   597 | D:1      | Reached XP level 3. HP: 14/24 MP: 3/3
   925 | D:2      | Reached skill level 1 in Stealth
   946 | D:2      | Noticed Sigmund
  1011 | D:3      | Found a burning altar of Makhleb.
  1023 | D:3      | Found a sparkling altar of Nemelex Xobeh.
  1155 | D:3      | Reached XP level 4. HP: 28/29 MP: 4/4
  1372 | D:3      | Reached skill level 4 in Fighting
  1816 | D:3      | Reached XP level 5. HP: 34/34 MP: 5/5
  1838 | D:3      | Reached skill level 1 in Dodging
  2435 | D:2      | Killed Sigmund
  2436 | D:2      | Reached XP level 6. HP: 30/40 MP: 6/6
  3042 | D:4      | Reached XP level 7. HP: 36/44 MP: 7/7
  3157 | D:4      | Found a staircase to the Ecumenical Temple.
  3164 | Temple   | Found a transporter.
  3164 | Temple   | Found a transporter.
  3164 | Temple   | Found a transporter.
  3164 | Temple   | Found a transporter.
  3164 | Temple   | Entered the Ecumenical Temple
  3176 | Temple   | Became a worshipper of Warmaster Okawaru
  3244 | D:4      | Reached skill level 5 in Fighting
  3244 | D:4      | Reached skill level 1 in Throwing
  3537 | D:4      | Reached skill level 1 in Invocations
  3573 | D:4      | Learned a level 2 spell: Blink
  3806 | D:5      | Entered Level 5 of the Dungeon
  3932 | D:5      | Found a white marble altar of Elyvilon.
  3998 | D:5      | Reached * piety under Okawaru
  4126 | D:5      | Found Ecipie Hayl's Magic Scroll Emporium.
  4131 | D:5      | Bought a scroll of revelation for 97 gold pieces
  4131 | D:5      | Bought a scroll of brand weapon for 123 gold pieces
  4131 | D:5      | Bought a scroll of fog for 52 gold pieces
  4131 | D:5      | Bought a scroll of identify for 26 gold pieces
  4131 | D:5      | Bought a scroll of identify for 26 gold pieces
  4247 | D:5      | Reached XP level 8. HP: 49/49 MP: 9/9
  4660 | D:5      | Reached skill level 5 in Long Blades
  5123 | D:5      | Bought a scroll of identify for 26 gold pieces
  5123 | D:5      | Bought a scroll of identify for 26 gold pieces
  5123 | D:5      | Bought a scroll of identify for 26 gold pieces
  5240 | D:6      | Noticed a troll
  5254 | D:6      | Killed a troll
  5254 | D:6      | Reached ** piety under Okawaru
  5279 | D:6      | Noticed a manticore
  5288 | D:6      | Killed a manticore
  5288 | D:6      | Reached *** piety under Okawaru
  5289 | D:6      | Reached skill level 6 in Fighting
  5289 | D:6      | Reached skill level 5 in Armour
  5289 | D:6      | Reached XP level 9. HP: 50/55 MP: 11/11
  5457 | D:6      | Reached skill level 5 in Shields
  5518 | D:6      | Received a gift from Okawaru
  5613 | D:6      | Found a sacrificial altar of Ru.
  5615 | D:6      | Found an ornate altar of the Wu Jian Council.
  5757 | D:6      | Found a bloodstained altar of Trog.
  5853 | D:6      | Noticed Maggie
  5885 | D:6      | Killed Maggie
  6171 | D:7      | Found the +6 shillelagh "Devastator" {shatter}
  6271 | D:7      | Reached XP level 10. HP: 61/61 MP: 13/13
  6546 | D:7      | Reached **** piety under Okawaru
  6547 | D:7      | Reached skill level 7 in Fighting
  6547 | D:7      | Reached skill level 1 in Maces & Flails
  6551 | D:7      | Reached skill level 5 in Invocations
  6916 | D:8      | Found a runed translucent gate.
  6916 | D:8      | Found a runed translucent gate.
  6916 | D:8      | Found a runed translucent gate.
  6945 | D:8      | Identified the +2 chain mail "Zyaxaim" {Int+2}
  6973 | D:8      | Found an ornate altar of the Wu Jian Council.
  6973 | D:8      | Noticed a seven-headed hydra
  6982 | D:8      | Killed a seven-headed hydra
  6982 | D:8      | Reached ***** piety under Okawaru
  6982 | D:8      | Received a gift from Okawaru
  7070 | D:8      | Found a glowing golden altar of the Shining One.
  7071 | D:8      | Noticed a tengu warrior
  7079 | D:8      | Killed a tengu warrior
  7080 | D:8      | Reached skill level 5 in Dodging
  7080 | D:8      | Reached skill level 1 in Evocations
  7308 | D:5      | Bought a scroll of silence for 123 gold pieces
  7488 | D:8      | Identified the +0 long sword of Compassion {flame, rElec}
  7503 | D:8      | Noticed rundlesten's ghost (journeyman GnGl)
  7839 | D:8      | Killed rundlesten's ghost
  7839 | D:8      | Received a gift from Okawaru
  7840 | D:8      | Reached skill level 8 in Fighting
  7862 | D:8      | Reached XP level 11. HP: 68/68 MP: 15/15
  7893 | D:8      | Got the ring of the Magpie {Fire rCorr MP+9 Int-3}
  7895 | D:8      | Identified the +0 plate armour "Apuy" {rElec rN+ Dex-4}
  7935 | D:9      | Received a gift from Okawaru
  8061 | D:9      | Reached skill level 5 in Maces & Flails
  8061 | D:9      | Received a gift from Okawaru
  8061 | D:9      | Found the +15 Maxwell's patent armour {-Cast -Tele rElec
                  | Will+ rCorr}
  8168 | D:9      | Noticed Pikel
  8177 | D:9      | Killed Pikel
  8273 | D:9      | Noticed a two-headed ogre
  8279 | D:9      | Killed a two-headed ogre
  8467 | D:9      | Found a staircase to the Lair.
  8639 | D:9      | Found a glowing silver altar of Zin.
  8703 | D:10     | Entered Level 10 of the Dungeon
  9072 | D:10     | Noticed a two-headed ogre
  9082 | D:10     | Killed a two-headed ogre
  9379 | D:11     | Noticed Lodul
  9393 | D:11     | Reached skill level 9 in Fighting
  9399 | D:11     | Noticed a cyclops
  9400 | D:11     | Killed Lodul
  9407 | D:11     | Killed a cyclops
  9408 | D:11     | Reached XP level 12. HP: 76/76 MP: 17/17
  9561 | D:11     | Noticed a two-headed ogre
  9570 | D:11     | Killed a two-headed ogre
  9667 | D:11     | Noticed Maurice
  9684 | D:11     | Killed Maurice
  9932 | D:12     | Found a frozen archway.
  9939 | IceCv    | Entered an ice cave
  9944 | IceCv    | Identified the +0 kite shield of Unbearable Music {*Slow
                  | Str+3 Int+6 Dex+3} (Okawaru gifted it to you in an ice
                  | cave)
  9944 | IceCv    | Received a gift from Okawaru
 10334 | IceCv    | Noticed a quicksilver ooze
 10344 | IceCv    | Killed a quicksilver ooze
 10374 | IceCv    | Noticed a quicksilver ooze
 10386 | IceCv    | Killed a quicksilver ooze
 10387 | IceCv    | Reached skill level 10 in Fighting
 10399 | IceCv    | Found a viscous altar of Jiyva.
 10399 | IceCv    | Noticed an azure jelly
 10412 | IceCv    | Killed an azure jelly
 10445 | IceCv    | Got the Directory of Cryomancy
 10448 | IceCv    | Identified the ring "Ofeix" {rPois rC+}
 10451 | IceCv    | Got the +12 short sword "Hydra's Demise" {freeze, Str+2
                  | Int+4}
 10664 | D:12     | Found a staircase to the Orcish Mines.
 10712 | D:12     | Reached XP level 13. HP: 82/82 MP: 19/19
 10734 | D:12     | Received a gift from Okawaru
 10871 | D:12     | Reached ****** piety under Okawaru
 11385 | D:5      | Bought a scroll of vulnerability for 52 gold pieces
 11516 | Lair:1   | Entered Level 1 of the Lair of Beasts
 11552 | Lair:1   | Received a gift from Okawaru
 12628 | Lair:2   | Found a hole to the Spider Nest.
 13473 | Lair:3   | Reached skill level 11 in Fighting
 13473 | Lair:3   | Reached skill level 10 in Armour
 13596 | Lair:3   | Received a gift from Okawaru
 13596 | Lair:3   | Found the +0 pair of fencer's gloves {Riposte Dex+3}
 13911 | Lair:3   | Gained mutation: Your large and strong wings let you fly.
                  | [Gargoyle growth]
 13911 | Lair:3   | Reached XP level 14. HP: 90/90 MP: 21/21
 13957 | Lair:3   | Found a staircase to the Shoals.
 14796 | Lair:4   | Reached skill level 10 in Maces & Flails
 14819 | Lair:4   | Found a viscous altar of Jiyva.
 14819 | Lair:4   | Found a staircase to the Slime Pits.
 14874 | Lair:4   | Reached skill level 5 in Throwing
 14938 | Lair:4   | Identified a scroll of acquirement
 15069 | Lair:4   | Acquired the amulet "Zoin" {Faith Regen+}
 15493 | Lair:5   | Entered Level 5 of the Lair of Beasts
 15503 | Lair:5   | Reached skill level 10 in Invocations
 15602 | Lair:5   | Received a gift from Okawaru
 15646 | Lair:5   | Received a gift from Okawaru
 15686 | Lair:5   | Noticed an acid blob
 15693 | Lair:5   | Noticed an azure jelly
 15697 | Lair:5   | Killed an acid blob
 15703 | Lair:5   | Killed an azure jelly
 15706 | Lair:5   | Noticed a quicksilver ooze
 15729 | Lair:5   | Killed a quicksilver ooze
 15729 | Lair:5   | Noticed an azure jelly
 15739 | Lair:5   | Noticed a rockslime
 15749 | Lair:5   | Killed an azure jelly
 15754 | Lair:5   | Killed a rockslime
 15768 | Lair:5   | Noticed a quicksilver ooze
 15771 | Lair:5   | Noticed an acid blob
 15771 | Lair:5   | Killed a quicksilver ooze
 15771 | Lair:5   | Noticed an azure jelly
 15772 | Lair:5   | Reached skill level 12 in Fighting
 15773 | Lair:5   | Found a viscous altar of Jiyva.
 15773 | Lair:5   | Noticed an acid blob
 15782 | Lair:5   | Killed an acid blob
 15783 | Lair:5   | Reached XP level 15. HP: 30/96 MP: 15/22
 15784 | Lair:5   | Killed an acid blob
 15791 | Lair:5   | Killed an azure jelly
 16018 | Lair:5   | Identified the +0 buckler "Mosaudghe" {-Tele rElec rC++
                  | rN+++} (Okawaru gifted it to you on level 5 of the Lair of
                  | Beasts)
 16018 | Lair:5   | Received a gift from Okawaru
 16107 | Lair:5   | Noticed Nessos
 16128 | Lair:5   | Killed Nessos
 16370 | Lair:5   | Reached skill level 10 in Shields
 16407 | Lair:5   | Received a gift from Okawaru
 16783 | Orc:1    | Entered Level 1 of the Orcish Mines
 16794 | Orc:1    | Received a gift from Okawaru
 16794 | Orc:1    | Noticed Jorgrun
 16809 | Orc:1    | Killed Jorgrun
 16810 | Orc:1    | Reached skill level 13 in Fighting
 16946 | Orc:2    | Entered Level 2 of the Orcish Mines
 16946 | Orc:2    | Noticed Azrael
 16980 | Orc:2    | Found a staircase to the Elven Halls.
 17000 | Orc:2    | Killed Azrael
 17000 | Orc:2    | Identified the +1 ring mail of Gluttony {rPois rF+++ Str+2
                  | Slay-5} (Okawaru gifted it to you on level 2 of the Orcish
                  | Mines)
 17000 | Orc:2    | Received a gift from Okawaru
 17144 | Orc:2    | Noticed Sonja
 17146 | Orc:2    | Noticed Saint Roka
 17148 | Orc:2    | Killed Sonja
 17181 | Orc:2    | Killed Saint Roka
 17369 | Orc:2    | Reached XP level 16. HP: 102/104 MP: 24/24
 17369 | Orc:2    | Found Ceokux's Distillery.
 17398 | Orc:2    | Bought a potion of heal wounds for 80 gold pieces
 17398 | Orc:2    | Bought a potion of curing for 48 gold pieces
 17398 | Orc:2    | Bought a potion of curing for 48 gold pieces
 17398 | Orc:2    | Bought a potion of curing for 48 gold pieces
 17398 | Orc:2    | Bought a potion of haste for 160 gold pieces
 17398 | Orc:2    | Bought 2 potions of haste for 320 gold pieces
 17432 | Orc:2    | Paralysed by an ogre mage for 3 turns
 17477 | Orc:2    | Found an ancient bone altar of Kikubaaqudgha.
 17510 | Orc:2    | Noticed Erolcha
 17520 | Orc:2    | Killed Erolcha
 17559 | Orc:2    | Found Balyummi's Book Boutique.
 17573 | Orc:2    | Found Reynav's Antique Weapon Boutique.
 17585 | Orc:2    | Found Orut's Jewellery Shop.
 17603 | Orc:2    | Found a radiant altar of Vehumet.
 17674 | Orc:2    | Bought a potion of mutation for 128 gold pieces
 17860 | Orc:1    | Identified the +1 triple crossbow "Faec" {freeze, rPois
                  | Int+4 Dex+2} (Okawaru gifted it to you on level 1 of the
                  | Orcish Mines)
 17860 | Orc:1    | Received a gift from Okawaru
 18114 | D:13     | Noticed Urug
 18114 | D:13     | Found a gate to the Vaults.
 18127 | D:13     | Killed Urug
 18128 | D:13     | Reached skill level 14 in Fighting
 18597 | D:14     | Received a gift from Okawaru
 18616 | D:14     | Found Xitud's Weapon Emporium.
 18680 | D:14     | Identified the scarf of the Kangaroo {rC+ rF+, rElec Str+4}
                  | (Okawaru gifted it to you on level 14 of the Dungeon)
 18680 | D:14     | Received a gift from Okawaru
 18789 | D:14     | Found Ved Nuu's Book Emporium.
 18937 | D:14     | Found Senty's Jewellery Boutique.
 19151 | D:14     | Found Bitez's Assorted Antiques.
 19154 | D:14     | Bought a potion of heal wounds for 145 gold pieces
 19154 | D:14     | Bought a scroll labelled REN XUAKKUUCA for 29 gold pieces
 19154 | D:14     | Bought a potion of heal wounds for 145 gold pieces
 19230 | D:15     | Entered Level 15 of the Dungeon
 19294 | D:15     | Found a staircase to the Depths.
 19749 | D:15     | Noticed Kirke
 19762 | D:15     | Killed Kirke
 19763 | D:15     | Reached skill level 5 in Evocations
 20423 | Lair:2   | Upgraded the game from 0.31-a0-667-g3972659 to
                  | 0.31-a0-672-g7da7244
 20428 | Spider:1 | Entered Level 1 of the Spider Nest
 20433 | Spider:1 | Reached XP level 17. HP: 112/112 MP: 26/26
 20515 | Spider:1 | Identified the +2 scale mail of Yqaps {rN++ Str+2}
 20553 | Spider:1 | Received a gift from Okawaru
 20572 | Spider:1 | Reached skill level 10 in Dodging
 20620 | Spider:1 | Identified the +1 pair of gloves of Calculation {Harm
                  | *Corrode +Blink rC++}
 20620 | Spider:1 | Noticed Nikola
 20629 | Spider:1 | Killed from afar by Nikola

Illustrated notes

Levels and vault maps discovered:
D:1:      dpeg_arrival_yet_another_circle, layout_loops_ring, serial_forest,
          infiniplex_forest_clump_diagonal, infiniplex_forest_end_1,
          infiniplex_forest_lined_room_2, infiniplex_forest_clump_diagonal,
          infiniplex_forest_corner_1, infiniplex_forest_lined_3,
          infiniplex_forest_clump_small
D:2:      layout_loops_cross, minmay_gold_behind_fungi, uniq_sigmund
D:3:      layout_basic, demons_altar, mainiacjoe_overflow_surrounded_room
D:4:      layout_basic, minmay_temple_entry_enclosed_plants,
          minmay_misc_feat_pillars
D:5:      minmay_chambers_of_fours, layout_basic, mainiacjoe_overflow_alcove_1,
          serial_shops, nicolae_shop_hallway_plus,
          chequers_serial_rivers_micro_a, minmay_door_square,
          nicolae_zen_rock_garden, serial_bayou_pond_d
D:6:      layout_loops_ring, chequers_temple_overflow_statue_of_worship,
          kennysheep_mini_moat, hangedman_minor_gate_pass, uniq_maggie
D:7:      layout_basic
D:8:      layout_basic, gammafunk_ghost_icy, hangedman_feature_mirror
D:9:      layout_loops_ring, overflow_temple_1_default, lair_entry_dummy,
          uniq_pikel
D:10:     layout_long_grid
D:11:     layout_basic, uniq_maurice, uniq_lodul
D:12:     layout_irregular_city, orc_0_dummy, serial_ice, serial_ice_g,
          serial_ice_o, serial_ice_m, serial_ice_e,
          portal_ice_cave_entry_pillars_1, minmay_circle_x
D:13:     layout_roguey, david_vaults_3
D:14:     layout_rooms, serial_shops, nicolae_shop_rolling_square,
          nicolae_shop_advertising_works [nicolae_subvault_shop_adworks],
          nicolae_shop_behind_doors, shop
D:15:     gammafunk_depths_entry_grave, layout_loops_ring, roderic_lattice_a,
          uniq_kirke
Temple:   hellmonk_temple_divided_pantheon
Lair:1:   layout_concentric_octagons, serial_bayou_ford_a, serial_bayou_shore_b
Lair:2:   layout_layer_cave, spider_nest_entry_funnel_web,
          nicolae_lair_lindhole, infiniplex_staircase_pool, lemuel_fruit_tree,
          grunt_megastairs_3
Lair:3:   layout_layer_cave, shoals_dummy_entry
Lair:4:   layout_regular_city, slime_entry_1, grunt_megastairs_4
Lair:5:   minmay_lair_end_enchanted_forest, layout_misc_corridors, special_room
          [special_room_jelly], uniq_nessos
Spider:1: layout_spider_delve, uniq_nikola, uniq_josephine
Orc:1:    layout_caves, uniq_jorgrun
Orc:2:    kennysheep_orc_mage_school, layout_caves, basic_altar,
          uniq_saint_roka, uniq_sonja, uniq_azrael

Skill      XL: |  1  2  3  4  5  6  7  8  9 10 11 12 13 14 15 16 17 |
---------------+----------------------------------------------------+-----
Long Blades    | 2 3 4 6 7 |  7.2
Stealth        | 1 2 3 |  3.7
Fighting       | 4 5 6 8 9 10 11 12 13 14 | 14.9
Dodging        | 2 3 4 5 6 7 8 9 10 | 10.0
Armour         | 4 5 6 7 8 10 11 12 13 | 13.2
Shields        | 4 5 6 7 8 9 11 12 | 12.0
Throwing       | 1 2 3 4 5 |  5.2
Invocations    | 1 3 4 6 7 8 9 10 11 12 | 12.2
Maces & Flails | 4 6 8 9 11 | 11.4
Evocations     | 1 2 3 5 |  5.2

Action                     |  1- 3 |  4- 6 |  7- 9 | 10-12 | 13-15 | 16-18 || total
---------------------------+-------+-------+-------+-------+-------+-------++-------
  Melee: Long sword        |   111 |   200 |   272 |       |       |       ||   583
         Shillelagh        |       |       |    12 |   312 |   624 |   271 ||  1219
  Throw: Dart              |       |    26 |    31 |     1 |     7 |     4 ||    69
         Javelin           |       |       |     5 |    44 |    13 |    15 ||    77
         Throwing net      |       |       |     1 |       |     1 |       ||     2
 Invoke: Heroism           |       |       |       |     6 |     6 |     5 ||    17
         Finesse           |       |       |       |       |     5 |     1 ||     6
  Evoke: Wand              |       |       |     7 |    23 |    16 |     2 ||    48
    Use: Potion            |       |     1 |       |       |     2 |       ||     3
         Scroll            |       |       |    16 |     4 |    10 |     3 ||    33
   Stab: Invisible         |       |     1 |       |       |     1 |       ||     2
         Distracted        |       |       |     4 |       |       |       ||     4
         Held in net/web   |       |       |     2 |       |       |       ||     2
 Armour: Scale mail        |    71 |   135 |   153 |    12 |       |       ||   371
         Chain mail        |       |       |       |    82 |       |       ||    82
         Plate armour      |       |       |       |   150 |   334 |   173 ||   657
  Dodge: Dodged            |    52 |   111 |   116 |   104 |   206 |    74 ||   663
  Block: Buckler           |    29 |    50 |    75 |    72 |       |       ||   226
         Kite shield       |       |       |       |    53 |   312 |   135 ||   500
Riposte: Shillelagh        |       |       |       |       |   102 |    57 ||   159
         Form:             |       |       |       |     1 |       |       ||     1
         Beast             |       |       |       |     1 |       |       ||     1

Table legend: (Time is in decaauts)
 A = Elapsed time spent in this place.
 B = Non-inter-level travel time spent in this place.
 C = Inter-level travel time spent in this place.
 D = Time resting spent in this place.
 E = Time spent auto-exploring this place.
 F = Levels seen in this place.
 G = Mean time per level.
                   A        B        C        D        E       F      G
               +--------+--------+--------+--------+--------+-----+--------+
         Total |  20626 |  18715 |   1911 |    129 |  13948 |  25 |  825.0 |
       Dungeon |  13307 |  12097 |   1210 |    100 |   9215 |  15 |  887.1 |
        Temple |     26 |     17 |      9 |      0 |      0 |   1 |   26.0 |
          Lair |   5226 |   4724 |    502 |     29 |   3669 |   5 | 1045.2 |
   Spider Nest |    205 |    205 |      0 |      0 |    130 |   1 |  205.0 |
  Orcish Mines |   1244 |   1055 |    189 |      0 |    712 |   2 |  622.0 |
      Ice Cave |    615 |    615 |      0 |      0 |    222 |   1 |  615.0 |
               +--------+--------+--------+--------+--------+-----+--------+

Top non-repeatable levels by time:
     D:5: 1436 daAuts
  Lair:3: 1345 daAuts
     D:8: 1153 daAuts
  Lair:2: 1134 daAuts
     D:3: 1056 daAuts
     D:2: 1054 daAuts
  Lair:5: 1022 daAuts
    D:15: 972 daAuts
     D:6: 940 daAuts
    D:12: 939 daAuts
  Lair:1: 906 daAuts
     D:4: 886 daAuts
     D:1: 876 daAuts
     D:9: 847 daAuts
     D:7: 824 daAuts
